 Dungeon Crawl Stone Soup version 0.32-a0-306-gfed3edf829 (webtiles) character file.

Game seed: 13309066553149358509

777 pokeman the Thaumaturge (level 7, 0/40 HPs)
             Began as a Deep Elf Hedge Wizard on Feb 14, 2024.
             Was a Follower of Vehumet.
             Slain by an ice beast (3 damage)
             ... on level 6 of the Dungeon.
             The game lasted 00:11:00 (5126 turns).

pokeman the Thaumaturge (Deep Elf Hedge Wizard)     Turns: 5126, Time: 00:11:01

Health: 0/40       AC:  5    Str:  7    XL:     7   Next: 54%
Magic:  17/21      EV: 13    Int: 21    God:    Vehumet [*.....]
Gold:   207        SH:  0    Dex: 14    Spells: 15/23 levels left

rFire   . . .        s - +2 spear (flame)
rCold   . . .        (no shield)
rNeg    + . .        t - +2 robe {rN+}
rPois   .            c - +0 hat
rElec   .            (no cloak)
rCorr   +            h - +0 pair of gloves
SInv    .            (no boots)
Will    .....        (no amulet)
Stlth   ++           r - ring of resist corrosion
HPRegen 0.26/turn    (no ring)
MPRegen 0.17/turn

%: no passive effects
@: on blink cooldown
A: no striking features
a: Renounce Religion


You were on level 6 of the Dungeon.
You worshipped Vehumet.
Vehumet was aware of your devotion.
You visited 2 branches of the dungeon, and saw 7 of its levels.

You collected 269 gold pieces.
You spent 62 gold pieces at shops.

Inventory:

Hand Weapons
 s - a +2 spear of flaming (weapon)
Armour
 c - a +0 hat (worn)
 h - a +0 pair of gloves (worn)
 t - a +2 robe of positive energy (worn)
Jewellery
 r - a ring of resist corrosion (left hand)
Scrolls
 a - a scroll of vulnerability {unknown}
 g - 3 scrolls of teleportation {unknown}
 i - 4 scrolls of identify {unknown}
 j - a scroll of fog {unknown}
 k - 2 scrolls of torment {unknown}
 l - 2 scrolls of poison {unknown}
 o - 2 scrolls of enchant armour {unknown}
 p - a scroll of blinking {unknown}
Potions
 b - a potion of invisibility {unknown}
 d - a potion of magic
 e - 3 potions of enlightenment {unknown}
 f - 4 potions of curing {unknown}
 m - a potion of haste {unknown}
 n - 2 potions of might {unknown}
 q - 3 potions of brilliance {unknown}


   Skills:
 - Level 2.0 Fighting
 + Level 1.7 Armour
 - Level 3.1 Dodging
 - Level 3.2 Stealth
 * Level 8.7 Spellcasting
 + Level 4.2 Conjurations
 - Level 1.1 Summonings
 - Level 1.1 Translocations
 - Level 1.0 Air Magic
 - Level 1.0 Alchemy


You had 15 spell levels left.
You knew the following spells:

 Your Spells              Type           Power      Damage    Failure   Level
a - Magic Dart            Conj           100%       1d8       1%          1
b - Mephitic Cloud        Conj/Alch/Air  18%        N/A       10%         3
c - Call Imp              Summ           26%        N/A       7%          2
d - Blink                 Tloc           26%        N/A       7%          2

Your spell library contained the following spells:

 Spells                   Type           Power      Damage    Failure   Level
 Freeze                   Ice            36%        1d5       8%          1
 Lesser Beckoning         Tloc           26%        N/A       7%          2
 Slow                     Hex            36%        N/A       8%          1
 Cigotuvi's Dreadful Rot  Necr/Alch/Air  24%        N/A       9%          2
 Gell's Gravitas          Tloc           13%        N/A       14%         3
 Teleport Other           Tloc           13%        N/A       14%         3
 Confusing Touch          Hex            9%         N/A       22%         3
 Sigil of Binding         Hex            9%         N/A       22%         3
 Vampiric Draining        Necr           9%         2d6       22%         3


Dungeon Overview and Level Annotations

Branches:
Dungeon (6/15)             Temple (1/1) D:4

Altars:
Ashenzari
Cheibriados
Dithmenos
Elyvilon
Fedhas
Gozag
Hepliaklqana
Kikubaaqudgha
Makhleb
Nemelex Xobeh
Okawaru
Qazlal
Ru
Sif Muna
Trog
Uskayaw
Vehumet
Wu Jian
Xom
Yredelemnul
Zin
The Shining One

Shops:
D:5 *

Annotations:
D:5 Grinder


Message History

Aim: an ice beast (severely wounded, ally target, about 36% to evade your +2 spear of flaming)
You hit the ice beast but do no damage.
The ice beast is severely wounded.
The ice beast barely misses you.
Your cerulean imp hits the ice beast but does no damage.
Reach: s) +2 spear (flame)
Press: ? - help, Dir - move target, f/p - ice beast
Aim: an ice beast (severely wounded, ally target, about 36% to evade your +2 spear of flaming)
You hit the ice beast but do no damage.
The ice beast is severely wounded.
The ice beast hits you. The ice beast freezes you!
* * * LOW HITPOINT WARNING * * *
Your cerulean imp hits the ice beast but does no damage.
Casting: Call Imp (safe; 7% risk of failure)
Confirm with . or Enter, or press ? or * to list all spells.
Aiming: Magic Dart (safe; 1% risk of failure)
Press: ? - help, Shift-Dir - straight line, f/p - ice beast
Aim: an ice beast (heavily wounded, ally target, 100% to hit)
The magic dart hits the ice beast but does no damage.
The ice beast is heavily wounded.
The ice beast hits you.
* * * LOW HITPOINT WARNING * * *
The ice beast freezes you.
* * * LOW HITPOINT WARNING * * *
Your cerulean imp hits the ice beast but does no damage.
Unknown command.
Casting: Magic Dart (safe; 1% risk of failure)
Confirm with . or Enter, or press ? or * to list all spells.
You blink.
The adder hisses angrily.
The ice beast barely misses you.
Your cerulean imp hits the ice beast but does no damage.
Unknown command.
You aren't carrying any items that you can evoke.
The adder barely misses you.
Your cerulean imp hits the ice beast but does no damage.
The adder misses you.
Your cerulean imp barely misses the ice beast.
The adder completely misses you. The ice beast hits you.
You die...

#####
##5.S##
#§.ßY@+
##...##
#####


You could see an ice beast (ally target), an adder and a friendly cerulean imp
(summoned).

Vanquished Creatures
  A black bear (D:4)
  An ogre (D:5)
  A bullfrog (D:3)
  A scorpion (D:5)
  A hound (D:4)
  A jelly (D:4)
  4 orc wizards
  3 gnolls (D:4)
  10 adders
  A shadow imp (D:5)
  A white imp (D:5)
  3 dart slugs
  10 orcs
  4 ball pythons
  11 endoplasms
  3 giant cockroaches
  8 hobgoblins
  4 jackals (D:1)
  A quokka (D:3)
  9 bats
  3 frilled lizards
  7 goblins
  4 kobolds
  6 rats
98 creatures vanquished.

Vanquished Creatures (collateral kills)
  A sleepcap (D:4)
1 creature vanquished.

Grand Total: 99 creatures vanquished

Notes
Turn   | Place    | Note
-------+----------+-------------------------------------------
     0 | D:1      | pokeman the Deep Elf Hedge Wizard began the quest for the
                  | Orb.
     0 | D:1      | Reached XP level 1. HP: 10/10 MP: 7/7
    61 | D:1      | Reached XP level 2. HP: 14/16 MP: 4/9
   111 | D:1      | You fall into a shaft and drop 1 floor!
   390 | D:1      | Reached skill level 5 in Spellcasting
   495 | D:1      | Reached XP level 3. HP: 20/20 MP: 7/11
   499 | D:1      | Learned a level 3 spell: Mephitic Cloud
   502 | D:1      | Learned a level 2 spell: Call Imp
   505 | D:1      | Learned a level 2 spell: Blink
   919 | D:1      | Reached skill level 1 in Fighting
  1132 | D:1      | Reached skill level 1 in Armour
  1247 | D:2      | Found a faded altar of an unknown god.
  1403 | D:2      | Reached XP level 4. HP: 25/25 MP: 8/13
  2084 | D:3      | Noticed a bullfrog
  2094 | D:3      | Killed a bullfrog
  2095 | D:3      | Reached skill level 6 in Spellcasting
  2095 | D:3      | Reached XP level 5. HP: 29/29 MP: 3/15
  3055 | D:3      | Found a hazy altar of Hepliaklqana.
  3247 | D:4      | Found a staircase to the Ecumenical Temple.
  3267 | Temple   | Entered the Ecumenical Temple
  3310 | Temple   | Became a worshipper of Vehumet
  3366 | D:4      | Reached skill level 1 in Alchemy
  3485 | D:4      | Reached skill level 1 in Air Magic
  3492 | D:4      | Reached XP level 6. HP: 34/34 MP: 6/17
  3695 | D:4      | Reached skill level 7 in Spellcasting
  4251 | D:5      | Entered Level 5 of the Dungeon
  4288 | D:5      | Noticed Grinder
  4306 | D:4      | Reached XP level 7. HP: 29/39 MP: 13/20
  4502 | D:5      | Found Yshrus's Assorted Antiques.
  4505 | D:5      | Bought a scroll labelled WUROSAPEALA for 31 gold pieces
  4505 | D:5      | Bought a scroll labelled MAOLYK ENLULI for 31 gold pieces
  4605 | D:5      | Reached * piety under Vehumet
  4605 | D:5      | Offered knowledge of Freeze by Vehumet.
  4606 | D:5      | Reached skill level 8 in Spellcasting
  5126 | D:6      | Slain by an ice beast

Illustrated notes

Levels and vault maps discovered:
D:1:      ncdulo_smallfort, layout_loops_ring, amethyst_killhole
D:2:      layout_basic, hellmonk_ecumenical_altar_leap_of_faith,
          interstate_on_off
D:3:      layout_basic, pf_just_have_faith
D:4:      layout_rooms, minmay_temple_entry_offerings
D:5:      layout_basic, serial_shops, shop, uniq_grinder
D:6:      layout_basic, enter_ossuary_4, chequers_serial_rivers_marsh,
          grunt_ministairs_4, serial_library_hellmonk_small_alcove,
          minmay_misc_feat_tiny, hangedman_abyss_or_decor_passed,
          uniq_eustachio, uniq_jeremiah, uniq_duvessa
Temple:   kilobyte_greek_temple

Skill      XL: |  1  2  3  4  5  6  7 |
---------------+----------------------+-----
Spellcasting   | 5 6 7 8 |  8.7
Fighting       | 1 2 |  2.0
Armour         | 1 |  1.7
Conjurations   | 2 3 4 |  4.2
Dodging        | 3 |  3.1
Stealth        | 3 |  3.2
Alchemy        | 1 |  1.0
Air Magic      | 1 |  1.0
Summonings     | |  1.1
Translocations | |  1.1

Action                     |  1- 3 |  4- 6 |  7- 9 || total
---------------------------+-------+-------+-------++-------
  Melee: Dagger            |    19 |     5 |       ||    24
         Spear             |       |     9 |    33 ||    42
   Cast: Magic Dart        |    64 |   159 |    47 ||   270
         Mephitic Cloud    |       |     6 |     5 ||    11
         Call Imp          |       |     1 |     1 ||     2
         Blink             |       |       |     1 ||     1
   Stab: Confused          |       |     2 |     2 ||     4
         Sleeping          |       |       |     1 ||     1
 Armour: Robe              |    12 |    21 |    18 ||    51
  Dodge: Dodged            |    20 |    29 |    15 ||    64

Table legend: (Time is in decaauts)
 A = Elapsed time spent in this place.
 B = Non-inter-level travel time spent in this place.
 C = Inter-level travel time spent in this place.
 D = Time resting spent in this place.
 E = Time spent auto-exploring this place.
 F = Levels seen in this place.
 G = Mean time per level.
                   A        B        C        D        E       F      G
               +--------+--------+--------+--------+--------+-----+--------+
         Total |   5128 |   4849 |    279 |    209 |   4014 |   7 |  732.6 |
       Dungeon |   5042 |   4846 |    196 |    209 |   4014 |   6 |  840.3 |
        Temple |     85 |      2 |     83 |      0 |      0 |   1 |   85.0 |
               +--------+--------+--------+--------+--------+-----+--------+

Top non-repeatable levels by time:
     D:3: 1282 daAuts
     D:1: 1122 daAuts
     D:2: 922 daAuts
     D:4: 883 daAuts
     D:5: 817 daAuts
  Temple: 85 daAuts
     D:6: 14 daAuts
